 Dungeon Crawl Stone Soup version 0.31-a0-1612-g4aaf141004 (webtiles) character file.

Game seed: 3706392861581388570

14 AstroCodex24 the Trooper (level 2, 0/24 HPs)
             Began as a Vampire Fighter on Jan 9, 2024.
             Incinerated by a bombardier beetle (6 damage)
             ... with a burning spray
             ... on level 4 of the Dungeon.
             The game lasted 00:01:37 (449 turns).

AstroCodex24 the Trooper (Vampire Fighter)           Turns: 449, Time: 00:01:38

Health: 0/24       AC:  7    Str: 15    XL:     2   Next: 31%
Magic:  2/2        EV:  8    Int: 10    God:
Gold:   42         SH:  4    Dex: 13    Spells: 1/1 levels left

rFire   . . .        a - +0 war axe
rCold   . . .        c - +0 buckler
rNeg    . . .        b - +0 scale mail
rPois   .            (no helmet)
rElec   .            (no cloak)
rCorr   .            (no gloves)
SInv    +            g - +0 pair of boots
Will    .....        (no amulet) Stlth
                     (no ring)
HPRegen 0.44/turn    (no ring)
MPRegen 0.08/turn

%: no passive effects
@: on fire, healing quickly, glowing
A: alive, fangs 3, see invisible, vampiric 1
a: Exsanguinate


You were on level 4 of the Dungeon.
You visited 1 branch of the dungeon, and saw 4 of its levels.

You collected 42 gold pieces.

Inventory:

Hand Weapons
 a - a +0 war axe (weapon)
Armour
 b - a +0 scale mail (worn)
 c - a +0 buckler (worn)
 g - a +0 pair of boots (worn)
Jewellery
 h - a ring of protection from cold
Scrolls
 e - a scroll of fog {unknown}
 f - 2 scrolls of amnesia {unknown}
Potions
 d - a potion of might


   Skills:
 + Level 3.0 Fighting
 + Level 1.9 Axes
 + Level 2.6 Armour
 + Level 2.8 Shields


You had one spell level left.
You didn't know any spells.
Your spell library was empty.

Dungeon Overview and Level Annotations

Branches:
Dungeon (4/15)
 Temple: D:4-7

Altars:


Innate Abilities, Weirdness & Mutations

Your natural rate of healing is accelerated.
You have razor-sharp teeth.
You have supernaturally acute eyesight. (SInv)
You are afflicted with vampirism.


Message History

You closely miss the kobold. You bite the kobold.
You kill the kobold!
You feel sick.
Found 5 stones.
You feel sick.
You are no longer poisoned.
Things that are here:
a +0 short sword; 7 poisoned darts
Found 3 gold pieces.
Found a scroll labelled TOIHES DYAHOIT and 13 gold pieces.
Found 14 gold pieces.
f - 2 scrolls labelled TOIHES DYAHOIT (gained 1)
You now have 15 gold pieces (gained 3).
You now have 29 gold pieces (gained 14).
You now have 42 gold pieces (gained 13).
A bombardier beetle comes into view.
The bombardier beetle sprays incendiary fluid at you.
The burning spray misses you.
You hit the bombardier beetle but do no damage.
The bombardier beetle sprays incendiary fluid at you.
The burning spray hits you.
You are covered in liquid fire!
You barely miss the bombardier beetle. The liquid fire burns you!
The bombardier beetle bites you but does no damage.
You hit the bombardier beetle. You bite the bombardier beetle.
The bombardier beetle is moderately wounded.
The liquid fire burns you!
The bombardier beetle sprays incendiary fluid at you.
The burning spray hits you.
You are even more covered in liquid fire!
You hit the bombardier beetle.
The bombardier beetle is moderately wounded.
The liquid fire burns you!
* * * LOW HITPOINT WARNING * * *
An iguana comes into view.
The iguana hisses angrily.
You slash the bombardier beetle! You bite the bombardier beetle.
You kill the bombardier beetle!
The liquid fire burns you!
You die...

##.# .#.###.
.#..... l......
##.......
#...#....
..#####@†......
...............
#.#####.....#.#
#.#####..#.## #
#........#...
#.#####.#####.#
#.......# ##
#.########## #.
#.# ##... #


You could see an iguana.

Vanquished Creatures
  A bombardier beetle (D:4)
  A dart slug (D:2)
  An endoplasm (D:2)
  2 goblins
  2 hobgoblins
  2 ball pythons
  A bat (D:1)
  2 kobolds
  A rat (D:2)
13 creatures vanquished.

Notes
Turn   | Place    | Note
-------+----------+-------------------------------------------
     0 | D:1      | AstroCodex24 the Vampire Fighter began the quest for the
                  | Orb.
     0 | D:1      | Reached XP level 1. HP: 17/17 MP: 1/1
   134 | D:2      | Reached skill level 3 in Fighting
   134 | D:2      | Reached XP level 2. HP: 7/24 MP: 2/2
   437 | D:4      | Noticed a bombardier beetle
   449 | D:4      | Killed a bombardier beetle
   449 | D:4      | Incinerated by a bombardier beetle

Illustrated notes

Levels and vault maps discovered:
D:1:      wander_arrival_lonely_grave, layout_loops_ring, serial_shops, shop
D:2:      layout_basic, basic_altar
D:3:      layout_loops_ring, mainiacjoe_overflow_catwalk, minmay_checkerbox,
          uniq_natasha
D:4:      layout_loops_ring

Skill      XL: |  1 |
---------------+----+-----
Fighting       | 3 |  3.0
Axes           | |  1.9
Armour         | |  2.6
Shields        | |  2.8

Action                     || total
---------------------------++-------
  Melee: War axe           ||    39
         Bite              ||     7
 Armour: Scale mail        ||    47
  Dodge: Dodged            ||    27
  Block: Buckler           ||    10

Table legend: (Time is in decaauts)
 A = Elapsed time spent in this place.
 B = Non-inter-level travel time spent in this place.
 C = Inter-level travel time spent in this place.
 D = Time resting spent in this place.
 E = Time spent auto-exploring this place.
 F = Levels seen in this place.
 G = Mean time per level.
                   A        B        C        D        E       F      G
               +--------+--------+--------+--------+--------+-----+--------+
         Total |    465 |    465 |      0 |      0 |     16 |   4 |  116.2 |
       Dungeon |    465 |    465 |      0 |      0 |     16 |   4 |  116.2 |
               +--------+--------+--------+--------+--------+-----+--------+

Top non-repeatable levels by time:
     D:2: 183 daAuts
     D:4: 183 daAuts
     D:1: 49 daAuts
     D:3: 48 daAuts
